 Dungeon Crawl Stone Soup version 0.22-a0-515-g75794bf (webtiles) character file.

35 Amnesiac the Ducker (level 3, -2/19 HPs)
             Began as a Spriggan Monk on June 19, 2018.
             Slain by Grinder (3 damage)
             ... while paralysed by Grinder
             ... on level 4 of the Dungeon.
             The game lasted 00:03:06 (1119 turns).

Amnesiac the Ducker (Spriggan Monk)                 Turns: 1119, Time: 00:03:06

Health: -2/19      AC:  2    Str:  8    XL:     3   Next: 17%
Magic:  4/4        EV:  4    Int: 11    God:
Gold:   80         SH:  0    Dex: 18    Spells: 2/2 levels left

rFire    . . .     SeeInvis +   a - +0 short sword
rCold    . . .     Gourm    .   (shield restricted)
rNeg     . . .     Faith    .   b - +0 robe
rPois    .         Spirit   .   (helmet restricted)
rElec    .         Reflect  .   (no cloak)
rCorr    .         Harm     .   (gloves unavailable)
MR       .....                  (boots unavailable)
Stlth    +++.......             (no amulet)
HPRegen  0.06/turn              (no ring)
MPRegen  0.09/turn              (no ring)

@: paralysed, very quick
A: very small, unfitting armour, see invisible, herbivore, speed 3, slow
metabolism 2
a: no special abilities


You were on level 4 of the Dungeon.
You were not hungry.

You visited 2 branches of the dungeon, and saw 6 of its levels.

You collected 80 gold pieces.

Inventory:

Hand Weapons
 a - a +0 short sword (weapon)
Armour
 b - a +0 robe (worn)
Scrolls
 d - a scroll of identify {!r}
Comestibles
 c - 3 rations


   Skills:
 - Level 2.4 Fighting
 * Level 4.2 Short Blades
 - Level 4.4 Dodging
 + Level 4.3 Stealth


You had 2 spell levels left.
You didn't know any spells.
Your spell library was empty.

Dungeon Overview and Level Annotations

Branches:
Dungeon (5/15)             Temple (1/1) D:5

Altars:
Ashenzari
Cheibriados
Dithmenos
Hepliaklqana
Kikubaaqudgha
Makhleb
Nemelex Xobeh
Okawaru
Qazlal
Trog
Vehumet
Yredelemnul
Zin

Annotations:
D:3 Sigmund
D:4 Grinder


Innate Abilities, Weirdness & Mutations

You are very small and have problems with some larger weapons.
You are too small for most types of armour.
You have supernaturally acute eyesight. (SInv)
You are a herbivore.
You cover ground extremely quickly.
You need to consume almost no food.


Message History

You see here a jackal corpse.
Okay, then.
You aren't carrying any potions.
Unknown command.
The ogre shouts!
Grinder shouts!
Grinder blinks!
You start resting.
You hear the brisk rusting of a drain nearby.
You hit the ogre.
The ogre is lightly wounded.
Grinder barely misses you. Grinder gestures at you.
You struggle to resist.
Found a ration.
Grinder blinks!
Grinder gestures at you. You resist with significant effort.
You see here a ration.
c - 3 rations (gained 1) Grinder blinks!
Okay, then.
You barely miss Grinder. Grinder gestures at you.
You resist with significant effort.
You hit Grinder.
Grinder is lightly wounded.
Grinder hits you.
You hit Grinder.
Grinder is lightly wounded.
Grinder hits you but does no damage.
You hit Grinder.
Grinder is lightly wounded.
Grinder hits you but does no damage.
You barely miss Grinder.
Grinder is lightly wounded.
Grinder completely misses you.
You barely miss Grinder.
Grinder is lightly wounded.
Grinder misses you.
You hit Grinder.
Grinder is lightly wounded.
Grinder grins, showing sharp teeth.
Grinder misses you.
You aren't carrying any potions.
You closely miss Grinder.
Grinder is lightly wounded.
You hit Grinder but do no damage.
Grinder is lightly wounded.
Grinder completely misses you.
You barely miss Grinder.
Grinder is lightly wounded.
Grinder barely misses you.
You closely miss Grinder.
Grinder is lightly wounded.
Grinder gestures at you.
You suddenly lose the ability to move!
Grinder blinks!
Grinder hits you.
* * * LOW HITPOINT WARNING * * *
You writhe in agony.
* * * LOW HITPOINT WARNING * * *
Grinder hits you.
You die...

#........#.##..##.
#.######.#.##..##. #.#
#.#.###.##. #.# #.#.#
#..#. #.# #.#.# ##.#.
#O######.#.####...
#.................
#################.......#
#......5@...............#
#################.......#
........#######..... ####
#......# #...#> ...#
#...O..#####...## ...#
#.........###### ...#
#.........# ...#
#.........# ...#
#.........#######


You could see Grinder.

Vanquished Creatures
  A worker ant (D:4)
  A dart slug (D:4)
  2 leopard geckos
  An orc (D:4)
  A hobgoblin (D:2)
  A jackal (D:4)
7 creatures vanquished.

Notes
Turn   | Place    | Note
-------+----------+-------------------------------------------
     0 | D:1      | Amnesiac the Spriggan Monk began the quest for the Orb.
     0 | D:1      | Reached XP level 1. HP: 11/11 MP: 2/2
    22 | D:2      | Found a shadowy altar of Dithmenos.
   253 | D:4      | Noticed Grinder
   339 | D:4      | Noticed a worker ant
   348 | D:4      | Killed a worker ant
   348 | D:4      | Reached XP level 2. HP: 16/16 MP: 3/3
   348 | D:4      | Reached XP level 3. HP: 19/19 MP: 4/4
   386 | D:4      | Noticed an ogre
   422 | D:5      | Entered Level 5 of the Dungeon
   449 | D:5      | Found a staircase to the Ecumenical Temple.
   460 | Temple   | Entered the Ecumenical Temple
   828 | D:5      | Found a hazy altar of Hepliaklqana.
   830 | D:5      | Noticed an ice beast
   884 | D:3      | Noticed Sigmund
  1115 | D:4      | Paralysed by Grinder for 7 turns
  1119 | D:4      | Slain by Grinder

Vault maps used:
D:1:      minmay_arrival_open_corners, minmay_ruptured
D:2:      tgw_fedhas, nicolae_dithmenos_through_a_glass_darkly,
          uniq_crazy_yiuf_cottage, uniq_robin
D:3:      uniq_sigmund
D:4:      first_ration, gup_sewer_entry_spiral, uniq_grinder, uniq_duvessa
D:5:      lemuel_crystal_altar, lemuel_doored_altar, minmay_temple_entry_glass
Temple:   minmay_temple_forest_path

Skill      XL: |  1 |
---------------+----+-----
Short Blades   | 4 |  4.2
Stealth        | 4 |  4.3
Fighting       | |  2.4
Dodging        | |  4.4

Action                   || total
-------------------------++-------
Melee: Short sword       ||    28
  Use: Scroll            ||     1
 Stab: Sleeping          ||     4
Armor: Robe              ||     3
Dodge: Dodged            ||    17

Table legend:
 A = Spawn XP
 B = Non-spawn XP
 C = Spawn XP percentage of total XP
 D = Spawn monster count
 E = Non-spawn monster count
 F = Spawn count percentage of total count
 G = Total turns spent on level
                    A         B        C        D         E        F      G
               +---------+---------+-------+---------+---------+-------+---------
         Total |       0 |      51 |   0.0 |       0 |       7 |   0.0 |  1119
               +---------+---------+-------+---------+---------+-------+---------
           D:2 |       0 |       5 |   0.0 |       0 |       2 |   0.0 |    34
           D:4 |       0 |      43 |   0.0 |       0 |       4 |   0.0 |   399
           D:5 |       0 |       3 |   0.0 |       0 |       1 |   0.0 |   106
               +---------+---------+-------+---------+---------+-------+---------
